AoeStats
← MuniStar

Arena

510194937Analyzed
1v1 RM · 2d ago on Sep 29, 2026· 43m 0s· 2 players
Game mode
Random Map
Map size
Tiny (2 player)
Population
200
Speed
Normal
Resources
Standard
Victory
Conquest
Starting age
Dark Age
Ending age
Imperial Age
RankedLock teamsTeams togetherTeam positionsShared explorationLock speedFull tech treeHidden civsTurbo modeCheats
Victory
Defeat
🇦🇷 Lithuanians · Argentina
838
+13
🇧🇷 Vikings · Brazil
762
-13
MuniStar
10:23 Feudal Age
14:18 Castle Age
13:33 Double-Bit Axe
13:30 Horse Collar
13:43 Gold Mining
14:37 Loom
21:43 Bow Saw
21:47 Heavy Plow
28:01 Imperial Age
26:07 Wheelbarrow
25:18 Town Watch
25:56 Fervor
26:44 Sanctity
28:18 Masonry
28:33 Forging
28:28 Scale Barding Armor
29:02 Bloodlines
28:53 Husbandry
29:38 Stone Mining
29:16 Cavalier
29:23 Cavalier
31:06 Conscription
31:56 Chemistry
33:10 Paladin
37:11 Two-Man Saw
36:44 Crop Rotation
37:18 Chain Barding Armor
37:34 Iron Casting
39:32 Hand Cart
39:17 Town Patrol
43:37 Padded Archer Armor
43:29 Fletching
FREDERICUS-HERECTUS
0:28 Loom
12:20 Feudal Age
12:50 Town Watch
13:19 Gold Mining
13:11 Horse Collar
13:20 Double-Bit Axe
16:12 Stone Mining
21:24 Castle Age
20:09 Forging
19:47 Arson
20:27 Fletching
20:39 Scale Mail Armor
20:55 Padded Archer Armor
23:33 Gold Shaft Mining
23:01 Heavy Plow
23:14 Bow Saw
24:03 Ballistics
23:57 Masonry
24:08 Murder Holes
24:53 Fortified Wall
30:09 Imperial Age
28:02 Elite Skirmisher
28:59 Squires
28:47 Pikeman
32:16 Iron Casting
31:50 Bodkin Arrow
32:33 Chain Mail Armor
32:51 Leather Archer Armor
33:45 Bracer
34:36 Crop Rotation
35:34 Blast Furnace
35:36 Plate Mail Armor
36:15 Architecture
36:42 Ring Archer Armor
37:41 Chemistry
37:05 Conscription
40:49 Two-Man Saw
Connection lost

Rejoining the realm…

Still unreachable

The connection could not be restored.

Session expired

The server has moved on; the page needs a fresh start.